[Event "Titled Tuesday Blitz July 11 Early 2023"]
[White "Maximov, Dmitry"]
[Black "Sadykov, Ramil"]
[WhiteFideId "14105659"]
[BlackFideId "24113590"]
[WhiteElo "2780"]
[BlackElo "2617"]
[Result "1-0"]
[Round "6"]
[TimeControl "180+2"]
[Date "2023.07.11"]
[WhiteClock "0:00:03"]
[BlackClock "0:00:00"]
[Board "27"]

1. e4 c5 2. Nf3 Nc6 3. Bb5 g6 4. Bxc6 bxc6 5. O-O Bg7 6. Re1 Nh6 7. c3 O-O 8. d4 cxd4 9. cxd4 f6 10. Nc3 Nf7 11. b3 d6 12. h3 Bd7 13. Bb2 Qa5 14. Qc2 Rac8 15. Nd2 Rfe8 16. Rad1 Qc7 17. Nc4 Ng5 18. f4 Nf7 19. Qf2 e6 20. Ne3 a5 21. Rc1 Qb7 22. Kh2 Qb4 23. Red1 Qb7 24. Qf3 Ra8 25. Rc2 Rec8 26. Rdc1 Bf8 27. h4 Bg7 28. h5 g5 29. g3 d5 30. Rf2 gxf4 31. gxf4 Kf8 32. Rg1 Bh6 33. Ba3+ c5 34. Ng4 Bg7 35. Bxc5+ Rxc5 36. dxc5 d4 37. Ne2 Bc6 38. Nxd4 Bxe4 39. Nxe6+ Ke7 40. Qe3 Kxe6 41. f5+ Ke7 42. Re1 Ng5 43. h6 Bf8 44. Qd4 Qc6 45. Rf4 Kf7 46. Rexe4 Nxe4 47. Rxe4 Bxc5 48. Qc4+ Kf8 49. Kh3 Rd8 50. a3 Qd6 51. Kh4 Bb6 52. b4 axb4 53. axb4 Bc7 54. Qc3 1-0


[Site "https://www.chess.com"]

[Event "Titled Tuesday Blitz July 11 Early 2023"]
[White "Goltsev, Dmitry"]
[Black "Ambartsumova, Karina"]
[WhiteFideId "24176710"]
[BlackFideId "4166299"]
[WhiteElo "2777"]
[BlackElo "2586"]
[Result "1/2-1/2"]
[Round "6"]
[TimeControl "180+2"]
[Date "2023.07.11"]
[WhiteClock "0:00:18"]
[BlackClock "0:00:20"]
[Board "28"]

1. e4 e5 2. Nf3 Nc6 3. Bb5 Nf6 4. O-O Nxe4 5. d4 Nd6 6. Bxc6 dxc6 7. dxe5 Nf5 8. Qe2 Nd4 9. Nxd4 Qxd4 10. h3 Be7 11. Rd1 Qb6 12. Nd2 O-O 13. Ne4 Be6 14. b3 Qb5 15. Qxb5 cxb5 16. Be3 b6 17. Nc3 c6 18. Ne4 Bf5 19. Nd6 Bxc2 20. Rdc1 Bxd6 21. exd6 Be4 22. Bf4 Bd5 23. Re1 Rfe8 24. d7 Red8 25. Re7 Be6 26. Rd1 Kf8 27. Bd6 Kg8 28. Bc7 Kf8 29. Bxd8 Rxd8 30. Re8+ Rxe8 31. dxe8=Q+ Kxe8 32. Kf1 c5 33. Ke2 Ke7 34. Ke3 a5 35. Kd3 c4+ 36. Kc2 cxb3+ 37. axb3 a4 38. bxa4 bxa4 39. Kc3 b5 40. Kb4 Bc4 41. f4 h5 42. g4 hxg4 43. hxg4 Ke6 44. Rd8 g6 45. Rd2 Ke7 46. Rd4 Ke6 47. Rd1 Ke7 48. Rd4 Ke6 49. Rd2 Ke7 50. Rd4 1/2-1/2


[Site "https://www.chess.com"]

[Event "Titled Tuesday Blitz July 11 Early 2023"]
[White "Gorovets, Andrey"]
[Black "Frolyanov, Dmitry"]
[WhiteFideId "13504037"]
[BlackFideId "4151976"]
[WhiteElo "2771"]
[BlackElo "2565"]
[Result "0-1"]
[Round "6"]
[TimeControl "180+2"]
[Date "2023.07.11"]
[WhiteClock "0:00:00"]
[BlackClock "0:00:34"]
[Board "29"]

1. d4 d5 2. Nf3 Nf6 3. g3 c6 4. c4 e6 5. Bg2 Be7 6. Nc3 O-O 7. O-O b6 8. b3 Ba6 9. Qd3 Nbd7 10. Rd1 c5 11. a4 Rc8 12. Nb5 cxd4 13. Nfxd4 Nc5 14. Qc2 Qd7 15. a5 Nce4 16. axb6 Bxb5 17. Rxa7 Qe8 18. Nxb5 Bc5 19. e3 Bxb6 20. Ra2 Ng4 21. Bxe4 dxe4 22. Qxe4 f5 23. Qb7 Qh5 24. h4 Ne5 25. Rd6 Rb8 26. Qh1 Rfd8 27. Rxd8+ Rxd8 28. Kh2 Nf3+ 29. Kg2 Rd1 30. Ra8+ Kf7 31. Qxd1 Nxh4+ 32. gxh4 Qxd1 33. Bb2 Bxe3 0-1


[Site "https://www.chess.com"]

[Event "Titled Tuesday Blitz July 11 Early 2023"]
[White "Schmakel, Sam"]
[Black "Kev4444444444"]
[WhiteFideId "2039311"]
[WhiteElo "2770"]
[BlackElo "2234"]
[Result "1-0"]
[Round "6"]
[TimeControl "180+2"]
[Date "2023.07.11"]
[WhiteClock "0:00:25"]
[BlackClock "0:00:26"]
[Board "30"]

1. c4 e5 2. Nc3 Nf6 3. Nf3 Nc6 4. d3 a6 5. g3 Bc5 6. Bg2 d6 7. O-O h6 8. Rb1 O-O 9. a3 Be6 10. b4 Ba7 11. b5 axb5 12. Nxb5 Bb6 13. Bb2 Ne7 14. Qc2 c6 15. Nc3 Nd7 16. a4 f5 17. Ba3 Bc5 18. Bc1 Qc7 19. Rd1 Ba7 20. Bd2 Nf6 21. Rb2 Ng4 22. e3 e4 23. dxe4 Bxc4 24. exf5 Nxf5 25. Rdb1 Rab8 26. h3 Ne5 27. Nxe5 dxe5 28. Ne4 Bd5 29. Nf6+ Rxf6 30. Bxd5+ Kh8 31. Be4 Nd6 32. Bg2 Rbf8 33. Be1 Qd7 34. Rd1 Qc7 35. Qb3 Bc5 36. Bc3 R8f7 37. Bxe5 Re6 38. Qxe6 1-0


[Site "https://www.chess.com"]

[Event "Titled Tuesday Blitz July 11 Early 2023"]
[White "Terry, Renato"]
[Black "Kuzmin, Roman"]
[WhiteFideId "3803457"]
[BlackFideId "44134932"]
[WhiteElo "2972"]
[BlackElo "2560"]
[Result "1-0"]
[Round "6"]
[TimeControl "180+2"]
[Date "2023.07.11"]
[WhiteClock "0:02:18"]
[BlackClock "0:01:09"]
[Board "31"]

1. e4 c5 2. Nf3 d6 3. Bb5+ Bd7 4. Bxd7+ Qxd7 5. O-O Nf6 6. Re1 Nc6 7. c3 e6 8. d4 cxd4 9. cxd4 d5 10. e5 Ne4 11. a3 Be7 12. Qd3 O-O 13. Nbd2 Rfd8 14. Nxe4 dxe4 15. Rxe4 Qd5 16. Be3 Rd7 17. Rg4 Rad8 18. Qc2 Rc7 19. h3 Rdd7 20. Qe2 Na5 21. Re1 Qc4 22. Qd1 Qb3 23. Bd2 Qxd1 24. Rxd1 Nb3 25. Bh6 g6 26. Rd3 Rc1+ 27. Bxc1 Na5 1-0


[Site "https://www.chess.com"]

[Event "Titled Tuesday Blitz July 11 Early 2023"]
[White "Chigaev, Maksim"]
[Black "Kvaloy, Aksel Bu"]
[WhiteFideId "4108116"]
[BlackFideId "1528815"]
[WhiteElo "2923"]
[BlackElo "2673"]
[Result "1-0"]
[Round "6"]
[TimeControl "180+2"]
[Date "2023.07.11"]
[WhiteClock "0:00:04"]
[BlackClock "0:00:00"]
[Board "32"]

1. e4 e5 2. Nf3 Nf6 3. Nc3 Nc6 4. h3 d5 5. exd5 Nxd5 6. Bb5 Nxc3 7. bxc3 Bd6 8. O-O O-O 9. Re1 Bd7 10. d4 Re8 11. Bg5 Qc8 12. a4 h6 13. Be3 e4 14. Nd2 Bxh3 15. d5 Bg4 16. f3 exf3 17. gxf3 Bh5 18. dxc6 Qh3 19. Qe2 Re6 20. Bd3 bxc6 21. Qg2 Qh4 22. Bf2 Qf4 23. Rxe6 fxe6 24. Rd1 Rf8 25. Be4 Rf6 26. Nc4 Bxf3 27. Bxf3 Qxf3 28. Qxf3 Rxf3 29. Nxd6 cxd6 30. Rxd6 Rxc3 31. Bxa7 Rxc2 32. a5 Ra2 33. Bb6 Kf7 34. Rxc6 g5 35. Bc7 g4 36. a6 h5 37. Bb8 h4 38. a7 g3 39. Rc4 h3 40. Bxg3 Rxa7 41. Kh2 Ra2+ 42. Kxh3 Ke7 43. Re4 Ra5 44. Kg4 Rf5 45. Be5 Kf7 46. Bf4 Ke7 47. Rc4 Kf7 48. Rc7+ Kf6 49. Ra7 Kg6 50. Ra6 Kf6 51. Rc6 Kf7 52. Bd2 Kf6 53. Bc3+ Ke7 54. Bb4+ Kf7 55. Rc7+ Kf6 56. Be7+ Kg6 57. Bh4 Kh6 58. Re7 Re5 59. Bg3 Re4+ 60. Kf3 Ra4 61. Bf4+ Kg6 62. Rxe6+ Kf5 63. Re5+ Kf6 64. Kg4 Ra6 65. Rh5 Re6 66. Ra5 Kg6 67. Be5 Rc6 68. Rd5 Re6 69. Kf4 Rc6 70. Rd7 Re6 71. Rg7+ Kh6 72. Rg3 Kh7 73. Kf5 Ra6 74. Rg7+ Kh6 75. Rg8 Ra7 76. Rg2 Kh7 77. Rh2+ Kg8 78. Rh8+ 1-0


[Site "https://www.chess.com"]

[Event "Titled Tuesday Blitz July 11 Early 2023"]
[White "Koshulyan, Egor A."]
[Black "Vokhidov, Shamsiddin"]
[WhiteFideId "24237000"]
[BlackFideId "14204223"]
[WhiteElo "2647"]
[BlackElo "2919"]
[Result "0-1"]
[Round "6"]
[TimeControl "180+2"]
[Date "2023.07.11"]
[WhiteClock "0:00:05"]
[BlackClock "0:01:56"]
[Board "33"]

1. e4 Nf6 2. e5 Nd5 3. c4 Nb6 4. c5 Nd5 5. Bc4 e6 6. d4 d6 7. cxd6 cxd6 8. Nf3 Be7 9. O-O O-O 10. Qe2 dxe5 11. dxe5 Bd7 12. Rd1 Bc6 13. Nd4 Bc5 14. Nxc6 Nxc6 15. Qe4 Qb6 16. Qe2 Nd4 17. Qe4 Rfd8 18. Nc3 Nxc3 19. bxc3 Nf5 20. Rf1 Qa5 21. Bg5 Rd7 22. Rab1 Bb6 23. Rfc1 h6 24. Bf4 Rad8 25. Bb5 Rc7 26. a4 Rxc3 27. Qxb7 g5 28. Bg3 Nxg3 29. hxg3 Bxf2+ 30. Kxf2 Rxc1 31. Rxc1 Qd2+ 32. Be2 Qxc1 0-1


[Site "https://www.chess.com"]

[Event "Titled Tuesday Blitz July 11 Early 2023"]
[White "Keymer, Vincent"]
[Black "HamedWafa4"]
[WhiteFideId "12940690"]
[WhiteElo "2916"]
[BlackElo "2622"]
[Result "1-0"]
[Round "6"]
[TimeControl "180+2"]
[Date "2023.07.11"]
[WhiteClock "0:00:39"]
[BlackClock "0:00:28"]
[Board "34"]

1. a3 a6 2. d4 Nf6 3. Nf3 e6 4. Bf4 d5 5. e3 Bd6 6. Bg3 O-O 7. c4 dxc4 8. Bxc4 b5 9. Bd3 Bb7 10. O-O Nbd7 11. b4 Qe7 12. Nbd2 e5 13. dxe5 Nxe5 14. Be2 Rfd8 15. Qc2 Rac8 16. Rac1 h6 17. Rfd1 Nxf3+ 18. Bxf3 Bxf3 19. gxf3 Bxg3 20. hxg3 Rd7 21. Nb3 Rxd1+ 22. Rxd1 Rd8 23. Kg2 h5 24. Nc5 Rd6 25. Rxd6 Qxd6 26. Qf5 g6 27. Qc8+ Kg7 28. Qxa6 c6 29. Qc8 Nd5 30. Qd7 Qxd7 31. Nxd7 Nb6 32. Ne5 f6 33. Nxc6 Nc4 34. Nd4 Nxa3 35. e4 Kf7 36. f4 Ke7 37. Kf3 Kd6 38. Ke2 Kc7 39. Kd3 Kd6 40. Kc3 g5 41. fxg5 fxg5 42. f4 h4 43. gxh4 gxf4 44. h5 Ke5 45. h6 Kf6 46. e5+ Kg6 47. e6 Nc4 48. Nxb5 f3 49. e7 Kf7 50. e8=Q+ Kxe8 51. h7 1-0


[Site "https://www.chess.com"]

[Event "Titled Tuesday Blitz July 11 Early 2023"]
[White "Dau Khuong Duy"]
[Black "Skliarov, Viktor"]
[WhiteFideId "12424722"]
[BlackFideId "14106736"]
[WhiteElo "2901"]
[BlackElo "2621"]
[Result "0-1"]
[Round "6"]
[TimeControl "180+2"]
[Date "2023.07.11"]
[WhiteClock "0:00:06"]
[BlackClock "0:00:06"]
[Board "35"]

1. e4 c5 2. Nf3 Nc6 3. Bb5 e6 4. O-O Nge7 5. Re1 Nd4 6. Nxd4 cxd4 7. c3 a6 8. Bf1 Nc6 9. a4 Be7 10. Na3 O-O 11. Nc2 d5 12. e5 Bc5 13. b4 Bb6 14. Ba3 dxc3 15. d4 Re8 16. Re3 f5 17. Rxc3 Bd7 18. b5 axb5 19. axb5 Na5 20. Bd6 Nc4 21. Bxc4 Rxa1 22. Qxa1 dxc4 23. Qa4 Qa8 24. Qxc4 Rc8 25. Qb3 Rxc3 26. Qxc3 Qa4 27. h3 Qxb5 28. Qa3 Qb1+ 29. Kh2 Qxc2 30. Qb4 Qc6 31. Be7 Bc7 32. Bg5 h6 33. Be3 Bd8 34. Qa3 Qd5 35. Qa8 Bc6 36. f3 b5 37. Qb8 Bb7 38. Bf2 Kh7 39. Be1 Bg5 40. h4 Bf4+ 41. Kh3 Be3 42. Bb4 Bxd4 43. Bd6 Be3 44. Qc7 Qc6 45. Qe7 Bc8 46. Qf8 Qd7 47. Be7 h5 48. Qf7 Bh6 49. Qf8 b4 50. Bd6 b3 51. Ba3 f4 52. Qb4 Qd5 53. Qc3 Qd1 54. Bb2 Qh1# 0-1


[Site "https://www.chess.com"]

[Event "Titled Tuesday Blitz July 11 Early 2023"]
[White "Nguyen, Ngoc Truong Son"]
[Black "Souleidis, Georgios"]
[WhiteFideId "12401110"]
[BlackFideId "4206827"]
[WhiteElo "2858"]
[BlackElo "2614"]
[Result "1-0"]
[Round "6"]
[TimeControl "180+2"]
[Date "2023.07.11"]
[WhiteClock "0:01:06"]
[BlackClock "0:00:00"]
[Board "36"]

1. e4 c5 2. Nf3 e6 3. c3 d5 4. e5 d4 5. Bd3 Bd7 6. Be4 Bc6 7. Qe2 Ne7 8. d3 Bxe4 9. Qxe4 Nbc6 10. c4 Ng6 11. O-O Qc7 12. Re1 Be7 13. Na3 a6 14. Nc2 O-O 15. h4 Rae8 16. h5 Nh8 17. h6 g6 18. Bf4 Qd7 19. a3 a5 20. b3 f6 21. exf6 Bxf6 22. Rab1 Nf7 23. b4 axb4 24. axb4 e5 25. Bd2 cxb4 26. Nxb4 Nd6 27. Qd5+ Rf7 28. c5 Nb5 29. Qb3 Nc3 30. Bxc3 dxc3 31. Nd5 Kh8 32. Nxc3 Rff8 33. Qxb7 Qxd3 34. Re3 1-0


[Site "https://www.chess.com"]

[Event "Titled Tuesday Blitz July 11 Early 2023"]
[White "Timofeev, Artyom"]
[Black "Borgaonkar Akshay"]
[WhiteFideId "4140419"]
[BlackFideId "25639110"]
[WhiteElo "2836"]
[BlackElo "2612"]
[Result "1-0"]
[Round "6"]
[TimeControl "180+2"]
[Date "2023.07.11"]
[WhiteClock "0:00:19"]
[BlackClock "0:00:02"]
[Board "37"]

1. d4 Nf6 2. c4 g6 3. Nc3 Bg7 4. e4 d6 5. Nf3 O-O 6. Be2 e5 7. O-O Nc6 8. d5 Ne7 9. b4 Ne8 10. c5 f5 11. Ng5 Nf6 12. Bf3 fxe4 13. Ngxe4 Nf5 14. Bg5 Nd4 15. Be2 h6 16. Bxf6 Bxf6 17. Bd3 Bf5 18. Ne2 Bg7 19. Nxd4 exd4 20. c6 bxc6 21. dxc6 Re8 22. Ng3 Bxd3 23. Qxd3 Qf6 24. b5 h5 25. Rfe1 d5 26. a4 h4 27. Nf1 Qg5 28. Nd2 h3 29. g3 Qg4 30. Kf1 Rf8 31. Re7 Bh6 32. Qe2 Qxe2+ 33. Kxe2 d3+ 34. Kxd3 Rxf2 35. Nf1 Raf8 36. Rxc7 R8f3+ 37. Kd4 Bg7+ 38. Rxg7+ Kxg7 39. a5 Rb3 40. Rc1 Rf8 41. Kc5 Rb8 42. c7 R8xb5+ 43. Kd6 Rb8 44. cxb8=Q Rxb8 45. Ne3 d4 46. Ng4 d3 47. Rd1 Rc8 48. Ne5 Rc2 49. Ng4 Rc8 50. a6 Rc2 51. Rxd3 Ra2 52. Ke5 Rxa6 53. Rd7+ Kf8 54. Nf6 Ra2 55. Ng4 Re2+ 56. Kf6 Re8 57. Kxg6 a5 58. Nf6 Re7 59. Rd8+ Re8 1-0


[Site "https://www.chess.com"]

[Event "Titled Tuesday Blitz July 11 Early 2023"]
[White "Llorente Zaro, Alfonso"]
[Black "Shukhman, Anna"]
[WhiteFideId "2254131"]
[BlackFideId "54180058"]
[WhiteElo "2802"]
[BlackElo "2605"]
[Result "1-0"]
[Round "6"]
[TimeControl "180+2"]
[Date "2023.07.11"]
[WhiteClock "0:01:37"]
[BlackClock "0:01:43"]
[Board "38"]

1. e4 Nf6 2. Nc3 e5 3. g3 d5 4. exd5 Nxd5 5. Bg2 Nxc3 6. bxc3 c6 7. Nf3 Bd6 8. O-O O-O 9. Re1 Re8 10. d4 e4 11. Ng5 f5 12. Qh5 h6 13. Nf7 Qf6 14. Nxd6 Rd8 15. Nxc8 Rxc8 16. Rb1 b5 17. f3 exf3 18. Re8+ Rxe8 19. Qxe8+ Kh7 20. Bxf3 g5 21. Ba3 g4 22. Re1 1-0


[Site "https://www.chess.com"]

[Event "Titled Tuesday Blitz July 11 Early 2023"]
[White "Borrmann, Laurenz"]
[Black "Kosteniuk, Alexandra"]
[WhiteFideId "312187930"]
[BlackFideId "4128125"]
[WhiteElo "2595"]
[BlackElo "2788"]
[Result "0-1"]
[Round "6"]
[TimeControl "180+2"]
[Date "2023.07.11"]
[WhiteClock "0:00:09"]
[BlackClock "0:00:27"]
[Board "39"]

1. d4 f5 2. c4 Nf6 3. Nf3 e6 4. g3 Be7 5. Bg2 O-O 6. O-O d6 7. b3 a5 8. Nc3 Ne4 9. Bb2 Bd7 10. Nd2 Nxc3 11. Bxc3 c6 12. e4 f4 13. e5 d5 14. Qg4 Qe8 15. a3 Na6 16. Bxa5 Qf7 17. Bc3 b5 18. c5 b4 19. axb4 Nc7 20. Qxf4 Qg6 21. Qe3 Nb5 22. Ra4 Qc2 23. Ba1 Rxa4 24. bxa4 Qxa4 25. h4 Qxb4 26. h5 h6 27. Bh3 Ra8 28. Qb3 Qxd2 29. Rd1 Qe2 30. Bb2 Qxh5 31. Bf1 Qg4 32. Rc1 Bg5 33. Rc2 Nxd4 34. Bxd4 Qxd4 35. Qb7 Rd8 36. Qc7 h5 37. Bh3 h4 38. Kh2 hxg3+ 39. fxg3 Qd3 40. Rf2 Qe3 41. Rf6 Bxf6 42. exf6 Qf2+ 43. Bg2 Qxf6 0-1


[Site "https://www.chess.com"]

[Event "Titled Tuesday Blitz July 11 Early 2023"]
[White "Parpiev, Isaak"]
[Black "Svane, Frederik"]
[WhiteFideId "34281576"]
[BlackFideId "12923044"]
[WhiteElo "2597"]
[BlackElo "2787"]
[Result "0-1"]
[Round "6"]
[TimeControl "180+2"]
[Date "2023.07.11"]
[WhiteClock "0:00:00"]
[BlackClock "0:00:38"]
[Board "40"]

1. d4 c6 2. e4 a6 3. c4 d5 4. exd5 cxd5 5. cxd5 Nf6 6. Nc3 Nxd5 7. Bc4 e6 8. Nf3 Be7 9. O-O O-O 10. h3 Nc6 11. Nxd5 exd5 12. Bd3 Bf6 13. a3 Be6 14. Be3 Rc8 15. b4 Re8 16. Qd2 Qb6 17. Rac1 h6 18. Bb1 Ne7 19. g4 Ng6 20. Ne5 Rxc1 21. Rxc1 Bxe5 22. dxe5 Nxe5 23. Bxb6 Nf3+ 24. Kg2 Nxd2 25. Bd3 Nc4 26. Bd4 Rc8 27. a4 Bd7 28. a5 f6 29. Rc3 Kf7 30. Bxc4 dxc4 31. Bc5 Be6 32. Kf3 Rd8 33. Ke2 g5 34. f3 h5 35. Be3 h4 36. Kf2 Rc8 37. Ke2 Bd5 38. Kf2 Ke6 39. Ke2 Re8 40. Kf2 Kd6 41. f4 gxf4 42. Bxf4+ Kc6 43. Be3 f5 44. gxf5 Rf8 45. Bd4 Rxf5+ 46. Kg1 Kb5 47. Bc5 Be4 48. Kh2 Rf1 0-1


[Site "https://www.chess.com"]

[Event "Titled Tuesday Blitz July 11 Early 2023"]
[White "Zemlyanskii, Ivan"]
[Black "NovoselovRoman"]
[WhiteFideId "24249971"]
[WhiteElo "2785"]
[BlackElo "2581"]
[Result "1-0"]
[Round "6"]
[TimeControl "180+2"]
[Date "2023.07.11"]
[WhiteClock "0:00:11"]
[BlackClock "0:00:23"]
[Board "41"]

1. d4 c6 2. c4 d5 3. Nf3 Nf6 4. e3 Bg4 5. h3 Bxf3 6. Qxf3 Nbd7 7. Nc3 e6 8. Bd2 Bb4 9. Bd3 O-O 10. a3 Ba5 11. O-O dxc4 12. Bxc4 e5 13. Rad1 exd4 14. exd4 Bc7 15. g4 Nb6 16. Ba2 Qd6 17. Rfe1 Rae8 18. g5 Nfd5 19. Nxd5 Nxd5 20. Bb4 Qh2+ 21. Kf1 Bd6 22. Bxd5 cxd5 23. Bd2 Re6 24. Qg2 Qxg2+ 25. Kxg2 Rfe8 26. Rxe6 fxe6 27. h4 g6 28. h5 Rc8 29. Re1 Kf8 30. Rxe6 Be7 31. hxg6 hxg6 32. Rxg6 Rc2 33. Be3 Rxb2 34. Rh6 Kg7 35. Kg3 Bxa3 36. Re6 Rb3 37. Kg4 a5 38. f4 Rb1 39. f5 a4 40. Rg6+ Kf7 41. Rh6 Bf8 42. g6+ Kg8 43. f6 Bxh6 44. Bxh6 Rg1+ 45. Kf5 Rf1+ 46. Ke6 Re1+ 47. Kxd5 Rf1 48. f7+ Rxf7 49. gxf7+ Kxf7 50. Bc1 Ke7 51. Ba3+ Kd7 52. Ke5 Kc6 53. d5+ Kd7 54. d6 b5 55. Kd5 Kd8 56. Bb4 Kd7 57. Kc5 a3 58. Bxa3 b4 59. Bxb4 Kc8 60. Kc6 Kd8 61. Ba5+ Ke8 62. d7+ Kf7 63. d8=Q Ke6 1-0


[Site "https://www.chess.com"]

[Event "Titled Tuesday Blitz July 11 Early 2023"]
[White "Hilary46"]
[Black "Fiorito, Francisco"]
[BlackFideId "180165"]
[WhiteElo "2757"]
[BlackElo "2541"]
[Result "1-0"]
[Round "6"]
[TimeControl "180+2"]
[Date "2023.07.11"]
[WhiteClock "0:00:39"]
[BlackClock "0:00:01"]
[Board "42"]

1. e4 c5 2. Nf3 Nc6 3. d4 cxd4 4. Nxd4 g6 5. Nc3 Bg7 6. Be3 Nf6 7. Nxc6 bxc6 8. e5 Ng8 9. Bd4 Qa5 10. f4 f6 11. Qd2 Nh6 12. exf6 exf6 13. Bc4 d5 14. O-O-O Kf7 15. Nxd5 Qxd2+ 16. Rxd2 cxd5 17. Bxd5+ Be6 18. Bxa8 Rxa8 19. Re1 Nf5 20. Bf2 a5 21. a4 h5 22. Rd3 g5 23. fxg5 fxg5 24. Rf1 Bf6 25. Be1 g4 26. Bc3 Bg5+ 27. Bd2 Bf6 28. b3 h4 29. Bc3 Bg5+ 30. Kb2 Be7 31. Rd4 g3 32. hxg3 hxg3 33. Rdf4 Kg6 34. Rg4+ Kh5 35. Re4 Ra6 36. Rxe6 Rxe6 37. Rxf5+ Kg4 38. Rxa5 Re2 39. Re5 Rxe5 40. Bxe5 Bh4 41. a5 Kf5 42. a6 Kxe5 43. a7 1-0


[Site "https://www.chess.com"]

[Event "Titled Tuesday Blitz July 11 Early 2023"]
[White "Korelskiy, Egor"]
[Black "Nasuta, Grzegorz"]
[WhiteFideId "34329064"]
[BlackFideId "1141686"]
[WhiteElo "2535"]
[BlackElo "2755"]
[Result "0-1"]
[Round "6"]
[TimeControl "180+2"]
[Date "2023.07.11"]
[WhiteClock "0:00:13"]
[BlackClock "0:00:08"]
[Board "43"]

1. e4 c5 2. Nf3 d6 3. d4 cxd4 4. Qxd4 Nc6 5. Bb5 Bd7 6. Bxc6 Bxc6 7. c4 f5 8. exf5 Qa5+ 9. Nc3 Qxf5 10. Nd5 Bxd5 11. cxd5 Nf6 12. Bg5 Nxd5 13. O-O Nf6 14. Rfe1 h6 15. Bf4 Kf7 16. Bg3 g5 17. Qb4 Qd7 18. Rad1 Kg7 19. Ne5 Qc7 20. Rc1 Qb6 21. Qxb6 axb6 22. Nf3 Rxa2 23. Nd4 Kf7 24. Ne6 Rxb2 25. Rc7 Nd5 26. Rxb7 Bg7 27. Bxd6 Bf6 28. h3 Rc8 29. Bg3 Rbc2 30. Rd7 Rc1 31. Nd8+ Ke8 32. Rxc1 Rxc1+ 33. Kh2 Kxd7 34. Nb7 Rc6 35. h4 Rc7 36. Bxc7 Kxc7 37. hxg5 hxg5 38. Nc5 bxc5 39. f4 gxf4 40. Kh3 c4 41. Kg4 c3 42. Kf5 c2 43. Ke6 c1=Q 44. Kf7 Ne3 45. Ke8 Qc6+ 46. Kf7 Bc3 47. Kg8 e5 48. Kf7 e4 0-1


[Site "https://www.chess.com"]

[Event "Titled Tuesday Blitz July 11 Early 2023"]
[White "Petrosian, Karlen"]
[Black "brm72"]
[WhiteFideId "4176146"]
[WhiteElo "2711"]
[BlackElo "2526"]
[Result "1-0"]
[Round "6"]
[TimeControl "180+2"]
[Date "2023.07.11"]
[WhiteClock "0:00:21"]
[BlackClock "0:00:02"]
[Board "44"]

1. e4 c6 2. Nf3 d5 3. d3 Bg4 4. h3 Bh5 5. g4 Bg6 6. h4 h6 7. Ne5 Bh7 8. Qf3 Nf6 9. g5 dxe4 10. Qf4 exd3 11. cxd3 Qd5 12. gxf6 exf6 13. Nf3 Bd6 14. Qe3+ Kd8 15. Nc3 Bb4 16. Qd4 Re8+ 17. Kd1 Qxd4 18. Nxd4 Nd7 19. Be3 Ne5 20. Kc2 Ng4 21. Re1 Bc5 22. Bh3 Nxe3+ 23. fxe3 Kc7 24. Na4 Bxd4 25. exd4 Kd6 26. Nc3 f5 27. Ref1 g6 28. Kd2 Re7 29. Rf2 Rae8 30. Rhf1 Re3 31. Rf3 R3e7 32. a3 b6 33. b4 a6 34. R1f2 Ra8 35. Re2 Rxe2+ 36. Nxe2 a5 37. Nc3 axb4 38. axb4 Ra1 39. Rf1 Ra3 40. Kc2 Ra8 41. Re1 Ra3 42. Re8 g5 43. h5 g4 44. Bg2 f4 45. Rh8 f3 46. Bf1 g3 47. Rxh7 g2 48. Bxg2 fxg2 49. Rg7 Ra1 50. Rxg2 Rh1 51. Ne4+ Kd5 52. Kc3 Rc1+ 53. Rc2 Rf1 54. Rf2 Rh1 55. Rf5+ Ke6 56. Rf6+ Ke7 57. Rxh6 Rxh5 58. Rxh5 1-0


[Site "https://www.chess.com"]

[Event "Titled Tuesday Blitz July 11 Early 2023"]
[White "Timerkhanov, Alexander"]
[Black "Santos Flores, Alberto"]
[WhiteFideId "24177938"]
[BlackFideId "3601234"]
[WhiteElo "2707"]
[BlackElo "2514"]
[Result "1-0"]
[Round "6"]
[TimeControl "180+2"]
[Date "2023.07.11"]
[WhiteClock "0:00:23"]
[BlackClock "0:00:00"]
[Board "45"]

1. d4 d5 2. Bf4 Nf6 3. e3 c5 4. c3 Nc6 5. Nd2 Qb6 6. Qb3 c4 7. Qc2 Bg4 8. e4 e6 9. Ne2 Bxe2 10. Bxe2 Be7 11. O-O O-O 12. Bg5 Qd8 13. e5 Nd7 14. Bxe7 Qxe7 15. f4 b5 16. f5 exf5 17. Qxf5 b4 18. Bf3 Nb6 19. Rae1 Qe6 20. Qh5 Qg6 21. Qxg6 hxg6 22. e6 f6 23. Nxc4 Ne7 24. Nd6 bxc3 25. bxc3 Rad8 26. Nb7 Rc8 27. Nc5 Rfe8 28. Rb1 Nf5 29. Rfe1 Nd6 30. a4 Ndc4 31. Nd7 Nd2 32. Nxb6 Nxf3+ 33. gxf3 axb6 34. Rxb6 Rxc3 35. Kg2 Rc4 36. a5 Rxd4 37. Rd6 Kf8 38. Rd7 Rd2+ 39. Kg3 d4 40. a6 Ra2 41. a7 Ra8 42. Rf7+ Ke8 43. Rxg7 R8xa7 44. e7 1-0


[Site "https://www.chess.com"]

[Event "Titled Tuesday Blitz July 11 Early 2023"]
[White "Belov, Alexei"]
[Black "Amilal Munkhdalai"]
[WhiteFideId "4128206"]
[BlackFideId "4903250"]
[WhiteElo "2501"]
[BlackElo "2701"]
[Result "1-0"]
[Round "6"]
[TimeControl "180+2"]
[Date "2023.07.11"]
[WhiteClock "0:01:14"]
[BlackClock "0:00:52"]
[Board "46"]

1. e4 c5 2. Nf3 Nc6 3. d4 cxd4 4. Nxd4 e6 5. Nc3 Qc7 6. Be2 Nf6 7. O-O a6 8. a4 Bb4 9. Nxc6 bxc6 10. Qd4 Bd6 11. f4 e5 12. Qf2 O-O 13. f5 Bb4 14. Bf3 d5 15. Bg5 Bxc3 16. bxc3 Qd6 17. Rad1 Kh8 18. exd5 cxd5 19. Bxd5 Nxd5 20. f6 g6 21. c4 Be6 22. cxd5 Bxd5 23. c4 Qe6 24. cxd5 Qg4 25. Qh4 Qxh4 26. Bxh4 h6 27. d6 Rfd8 28. Bg3 e4 29. Rfe1 Re8 30. d7 1-0


[Site "https://www.chess.com"]

[Event "Titled Tuesday Blitz July 11 Early 2023"]
[White "Tanmay Jain"]
[Black "Lavrik, Dmitry"]
[WhiteFideId "45015481"]
[BlackFideId "24113190"]
[WhiteElo "2437"]
[BlackElo "2679"]
[Result "0-1"]
[Round "6"]
[TimeControl "180+2"]
[Date "2023.07.11"]
[WhiteClock "0:00:07"]
[BlackClock "0:01:35"]
[Board "47"]

1. Nf3 c5 2. g3 Nc6 3. d4 cxd4 4. Nxd4 e5 5. Nb3 d5 6. Bg2 Nf6 7. O-O h6 8. c4 Be6 9. cxd5 Nxd5 10. e4 Ndb4 11. Nc3 Be7 12. Bd2 O-O 13. Nc1 Nd4 14. a3 Na6 15. N1e2 Bb3 16. Qc1 Rc8 17. Re1 Nc5 18. Be3 Nd3 19. Qd2 Nxe1 20. Rxe1 Nc2 21. Rd1 Nxe3 22. Qxd8 Rfxd8 23. Rxd8+ Bxd8 24. fxe3 Bb6 25. Kf2 Rd8 26. Nd5 Bxd5 27. exd5 Kf8 28. Nc3 Ke7 29. Ke2 f5 30. e4 g6 31. Kd3 a6 32. b4 Kd6 33. Bh3 Rf8 34. Bg2 Bg1 35. h3 Bf2 36. exf5 gxf5 37. g4 Bd4 38. gxf5 Bxc3 39. Kxc3 Rxf5 40. Kd3 Rf2 41. Be4 Ra2 0-1


[Site "https://www.chess.com"]

[Event "Titled Tuesday Blitz July 11 Early 2023"]
[White "Rosh Jain"]
[Black "Dronavalli, Harika"]
[WhiteFideId "25789465"]
[BlackFideId "5015197"]
[WhiteElo "2404"]
[BlackElo "2675"]
[Result "1-0"]
[Round "6"]
[TimeControl "180+2"]
[Date "2023.07.11"]
[WhiteClock "0:00:43"]
[BlackClock "0:00:03"]
[Board "48"]

1. e4 g6 2. d4 Bg7 3. Nf3 d6 4. c3 Nf6 5. Bd3 Nc6 6. Be3 O-O 7. Nbd2 e5 8. Qc2 Ng4 9. Bg5 Qe8 10. h3 Nf6 11. d5 Ne7 12. O-O-O a5 13. h4 h5 14. Nh2 Bd7 15. f3 Ba4 16. Nb3 Bd7 17. g4 a4 18. Nd2 c6 19. Bxf6 Bxf6 20. gxh5 a3 21. b3 cxd5 22. hxg6 Rc8 23. gxf7+ Qxf7 24. Rdg1+ Kh8 25. exd5 Nxd5 26. Bc4 Ne3 27. Bxf7 Nxc2 28. Kxc2 Rxf7 29. Ne4 Bf5 30. Rd1 Rfc7 31. c4 Be7 32. Kb1 b5 33. cxb5 Rc5 34. Ng4 d5 35. Ne3 Bxe4+ 36. fxe4 d4 37. Nd5 Bf8 38. b6 Bh6 39. Ne7 Rb8 40. Nd5 Rbc8 41. Rhg1 Rc2 42. b7 Rb2+ 43. Ka1 Rb8 44. Rg6 Bd2 45. Rdg1 Rxb7 46. Rg8+ Kh7 47. Nf6+ Kh6 48. Rh8+ 1-0


[Site "https://www.chess.com"]